 Dungeon Crawl Stone Soup version 0.22.0-21-g8bd1b0a (console) character file.

249652 removed the Thaumaturge (level 19, -4/131 HPs)
             Began as an Octopode Arcane Marksman on Aug 19, 2018.
             Was the Champion of Kikubaaqudgha.
             Slain by a peacekeeper (17 damage)
             ... summoned by a halazid warlock
             ... in the Desolation of Salt.
             The game lasted 03:34:03 (70324 turns).

removed the Thaumaturge (Octopode Arcane Marksman) Turns: 70324, Time: 03:34:04

Health: -4/131     AC: 16    Str: 10    XL:     19   Next: 60%
Magic:  3/46       EV: 20    Int: 23    God:    Kikubaaqudgha [******]
Gold:   1856       SH: 13    Dex: 15    Spells: 1/47 levels left

rFire    + . .     SeeInvis +   a - staff of conjuration {!a}
rCold    . . .     Gourm    .   s - +3 buckler {AC+3}
rNeg     . . .     Faith    .   R - +2 hat
rPois    .         Spirit   .   D - +6 amulet of reflection
rElec    .         Reflect  +   v - +2 ring of evasion
rCorr    .         Harm     .   x - ring of protection from cold
MR       +....                  y - +5 ring of protection
Stlth    ++........             f - ring of fire
HPRegen  0.31/turn              r - +5 ring of protection
MPRegen  0.30/turn              V - +3 ring of intelligence
                                i - ring of magical power
                                Y - ring of see invisible

@: lethally poisoned (-4 -> -20), about to teleport, very slightly contaminated,
hasted, heavily drained, very quick
A: almost no armour, stealthy swim, amphibious, 8 rings, constrict 8, camouflage
1, gelatinous body 1
}: 2/15 runes: decaying, gossamer
a: Receive Corpses, Torment, Brand Weapon With Pain, Receive Necronomicon,
Renounce Religion


You were in the Desolation of Salt.
You worshipped Kikubaaqudgha.
Kikubaaqudgha was exalted by your worship.
You were not hungry.

You visited 8 branches of the dungeon, and saw 35 of its levels.
You visited the Abyss 1 time.
You visited 1 bazaar.
You also visited: Labyrinth, Sewer, Volcano and Desolation.

You collected 3416 gold pieces.
You spent 1560 gold pieces at shops.

Inventory:

Hand Weapons
 b - a +2 dagger of electrocution
 e - a +0 blowgun
 W - a +2 eveningstar of draining
Missiles
 M - 6 curare-tipped needles
 U - a throwing net (quivered)
Armour
 s - a +3 buckler of protection (worn)
 R - a +2 hat (worn)
Magical Staves
 a - an uncursed staff of conjuration (weapon) {!a}
 w - an uncursed staff of wizardry
Jewellery
 c - an uncursed ring of protection from cold
 f - a ring of fire (on tentacle)
 i - a ring of magical power (on tentacle)
 r - a +5 ring of protection (on tentacle)
 v - a +2 ring of evasion (left tentacle)
 x - a ring of protection from cold (right tentacle)
 y - a +5 ring of protection (on tentacle)
 D - a +6 amulet of reflection (around mantle)
 P - an uncursed ring of positive energy
 V - a +3 ring of intelligence (on tentacle)
 Y - a ring of see invisible (on tentacle)
Wands
 g - a wand of digging (25)
 u - a wand of scattershot (6)
 z - a wand of paralysis (19)
 B - a wand of polymorph (9)
 K - a wand of iceblast (5)
 L - a wand of disintegration (30)
 Z - a wand of acid (1)
Scrolls
 o - a scroll of fear
 p - 12 scrolls of remove curse
 t - 3 scrolls of teleportation
 G - 7 scrolls of fog
 N - 3 scrolls of magic mapping
 O - a scroll of holy word
 Q - 5 scrolls of enchant weapon
 T - 8 scrolls of identify
Potions
 h - 3 potions of haste
 k - 2 potions of ambrosia
 l - 7 potions of lignification
 m - 12 potions of flight
 n - 4 potions of heal wounds
 A - 3 potions of cancellation
 C - 4 potions of mutation
 E - 2 potions of resistance
 F - 10 potions of curing
 H - 4 potions of brilliance
 I - 2 potions of berserk rage
 J - 7 potions of might
 S - 6 potions of agility
 X - 3 potions of magic
Comestibles
 d - 20 rations


   Skills:
 - Level 12.0(8.5) Fighting
   Level 5.0(2.0) Bows
 - Level 12.0(8.5) Dodging
 - Level 5.0(2.1) Shields
 + Level 14.7(10.9) Spellcasting
 - Level 14.0(10.3) Conjurations
   Level 5.0(2.1) Hexes
 - Level 5.0(2.1) Charms
 - Level 14.0(10.3) Necromancy
 - Level 13.0(9.4) Ice Magic
 - Level 7.0(3.9) Air Magic


You had one spell level left.
You knew the following spells:

 Your Spells              Type           Power        Failure   Level  Hunger
a - Throw Icicle          Conj/Ice       ######..     1%          4    None
b - Bolt of Cold          Conj/Ice       ######....   17%         6    #####..
c - Freeze                Ice            ####         1%          1    None
d - Simulacrum            Ice/Necr       ######....   17%         6    #####..
e - Regeneration          Chrm/Necr      #####.....   1%          3    None
f - Freezing Cloud        Conj/Ice/Air   ######....   36%         6    #####..
g - Bolt of Draining      Conj/Necr      ######....   2%          5    ####...
o - Ozocubu's Armour      Chrm/Ice       #####...     1%          3    None
s - Swiftness             Chrm/Air       ####....     2%          2    None
u - Dispel Undead         Necr           ######..     2%          5    ####...
w - Iskenderun's Battles  Conj/Chrm      ######..     14%         5    ####...

Your spell library contained the following spells:

 Spells                   Type           Power        Failure   Level  Hunger
 Animate Skeleton         Necr           N/A          1%          1    None
 Flame Tongue             Conj/Fire      #####        1%          1    None
 Pain                     Necr           ####         1%          1    None
 Shock                    Conj/Air       ####         1%          1    None
 Confusing Touch          Hex            ###...       2%          1    None
 Corona                   Hex            ###....      2%          1    None
 Infusion                 Chrm           ###.         2%          1    None
 Summon Butterflies       Summ           ##......     7%          1    None
 Summon Small Mammal      Summ           ##..         7%          1    None
 Sublimation of Blood     Necr           ######....   1%          2    None
 Throw Flame              Conj/Fire      ######       1%          2    None
 Throw Frost              Conj/Ice       ######       1%          2    None
 Static Discharge         Conj/Air       ######..     1%          3    None
 Vampiric Draining        Necr           ######....   1%          3    None
 Animate Dead             Necr           N/A          1%          4    None
 Conjure Flame            Conj/Fire      ######..     2%          3    None
 Mephitic Cloud           Conj/Pois/Air  ######..     2%          3    None
 Poisonous Vapours        Pois/Air       ###...       4%          2    None
 Slow                     Hex            ###.....     4%          2    None
 Song of Slaying          Chrm           ###.....     4%          2    None
 Shroud of Golubria       Chrm/Tloc      ###.......   6%          2    None
 Sticky Flame             Conj/Fire      ######..     8%          4    None
 Confuse                  Hex            ###.....     9%          3    None
 Spectral Weapon          Hex/Chrm       ###.....     9%          3    None
 Call Imp                 Summ           ##......     10%         2    None
 Sticks to Snakes         Tmut           ##......     10%         2    None
 Ice Form                 Ice/Tmut       ####....     10%         4    None
 Summon Ice Beast         Ice/Summ       ####....     10%         4    None
 Lightning Bolt           Conj/Air       ######....   10%         5    ####...
 Inner Flame              Hex/Fire       ####....     13%         3    None
 Portal Projectile        Hex/Tloc       ###...       13%         3    None
 Summon Guardian Golem    Hex/Summ       ###.....     13%         3    None
 Airstrike                Air            ####......   13%         4    None
 Metabolic Englaciation   Hex/Ice        #####.....   17%         5    ####...
 Call Canine Familiar     Summ           ##......     21%         3    None
 Gell's Gravitas          Tloc           ##........   21%         3    None
 Ignite Poison            Fire/Tmut/Pois ###.....     21%         3    None
 Spider Form              Tmut/Pois      ##........   21%         3    None
 Ozocubu's Refrigeration  Ice            ######....   21%         6    #####..
 Borgnjor's Vile Clutch   Necr/Erth      #####.....   22%         5    ####...
 Fireball                 Conj/Fire      ######....   22%         5    ####...
 Venom Bolt               Conj/Pois      ######....   22%         5    ####...
 Cause Fear               Hex            ###.......   26%         4    None
 Summon Lightning Spire   Summ/Air       ###.....     28%         4    None
 Leda's Liquefaction      Hex/Erth       ###.......   38%         4    None
 Bolt of Magma            Conj/Fire/Erth ######....   41%         5    ####...
 Petrify                  Tmut/Erth      ##......     54%         4    None
 Orb of Destruction       Conj           ######....   61%         7    #######
 Yara's Violent Unravell  Hex/Tmut       ###.......   75%         5    ####...
 Bolt of Fire             Conj/Fire      ######....   75%         6    #####..
 Iron Shot                Conj/Erth      ######....   75%         6    #####..
 Alistair's Intoxication  Tmut/Pois      ##......     88%         5    ####...
 Dragon Form              Tmut           ##........   100%        7    #######
 Malign Gateway           Summ/Tloc      ##........   100%        7    #######
 Ring of Flames           Chrm/Fire      ####......   100%        7    #######
 Spellforged Servitor     Conj/Summ      ######....   100%        7    #######
 Dragon's Call            Summ           ##........   100%        9    #######


Dungeon Overview and Level Annotations

Branches:
Dungeon (15/15)            Temple (1/1) D:7            Lair (6/6) D:9
  Swamp (4/4) Lair:4       Spider (4/4) Lair:4        Slime (0/5) Lair:5
    Orc (2/2) D:10            Elf (2/3) Orc:2        Vaults (1/5) D:13
 Depths (0/5) D:15

Altars:
Ashenzari
Cheibriados
Dithmenos
Elyvilon
Fedhas
Gozag
Hepliaklqana
Kikubaaqudgha
Makhleb
Nemelex Xobeh
Okawaru
Qazlal
Ru
Sif Muna
Trog
Uskayaw
Vehumet
Wu Jian
Xom
Yredelemnul
Zin
The Shining One
Beogh

Shops:
D:5 :   Orc:1 (   Orc:2 :!%*   Vaults:1 %

Portals:
Trove: Elf:1 (show slimy rune of Zot)

Annotations:
Lair:5 exclusion: oklob plant


Innate Abilities, Weirdness & Mutations

You cannot wear most types of armour.
You are very stealthy in the water. (Stealth+)
You are amphibious.
You can wear up to eight rings at the same time.
You can use your tentacles to constrict eight enemies at once.
Your skin changes colour to match your surroundings (Stealth+).
Your rubbery body absorbs attacks. (AC +1, EV +1)


Message History

The ragged hierophant gestures wildly while chanting.
The ragged hierophant begins to accept its allies' injuries.
The peacekeeper bites you!!
* * * LOW HITPOINT WARNING * * *
The peacekeeper barely misses you.
You feel better.
You constrict the short sword of venom.
The short sword of venom hits you but does no damage.
You are poisoned.
The saltling closely misses you.
The halberd of venom hits you from afar!
* * * LOW HITPOINT WARNING * * *
You are lethally poisoned!
The flail of draining misses you.
The peacekeeper roars a battlecry!
The peacekeeper goes into a battle-frenzy!
The halazid warlock misses you.
You block the short sword of venom's attack.
The peacekeeper bites you!
You die...
Kikubaaqudgha rasps: "You have failed me!
Welcome... death!"

§§§. §§§.. §§ §§§§§.#
§§§§§§§§§.# .
§§§§§§§§..# ...
..§§§§.§§.####..#
......§(8÷.§§§§.#
.§§...((88†§§§§.#
.......@Lp####..#
§...§§88p.#.)# .
§§§§§§§§.§#..#
.§§§.§§..§#§Z##### ...
§§§§§§§§§.§§§§§§§§ ..§
§§§§§§§.§.§.§§§§§§§
§§..
§§§§§§.§.§§§§§§§§§§§..§
§§§§§§.§§§§Z§§§§..§#
§§§§.....§§§§§§§§...


You could see a ragged hierophant, an imperial myrmidon, a halazid warlock, 2
peacekeepers, 3 saltlings and 3 dancing weapons.

Vanquished Creatures
  Arachne (Spider:4)
  Asterion (Spider:2)
  Frances (Spider:1)
  The ghost of zapotec the Stickfighter, an adept GrGl of the Shining One (Spider:2)
  6 thorn hunters
  Agnes (Spider:1)
  An orc warlord (Orc:2)
  A deep elf sorcerer (Elf:1)
  3 emperor scorpions (Spider:4)
  5 ghost moths (Spider:4)
  An ironheart preserver (Vaults:1)
  A deep elf annihilator (Elf:1)
  3 entropy weavers
  A spark wasp (Spider:4)
  Snorg (Lair:6)
  3 deep elf death magi (Elf:1)
  A ragged hierophant (Desolation)
  Josephine (Lair:6)
  A fire dragon (Volcano)
  A deep elf high priest (Elf:1)
  An ogre mage (Vaults:1)
  14 hydras
  A ghost crab (Swamp:1)
  A peacekeeper (Desolation)
  3 centaur warriors
  A catoblepas (Lair:6)
  8 two-headed ogres
  9 alligators
  6 orc high priests
  3 death yaks
  22 dancing weapons
  Urug (Lair:1)
  A tengu warrior (D:14)
  Sonja (D:13)
  A skeletal warrior (D:13)
  15 deep elf knights
  Nergalle (Orc:1)
  A spriggan druid (Swamp:3)
  A glowing orange brain (Abyss:2)
  13 swamp dragons
  10 deep elf archers
  A harpy (shapeshifter) (Vaults:1)
  2 shambling mangroves
  2 harpies (Vaults:1)
  An ironbrand convoker (Vaults:1)
  A lindwurm (Volcano)
  6 orc knights
  15 wolf spiders
  4 oklob plants (Lair:3)
  6 orc sorcerers
  18 ugly things
  44 deep elf magi
  9 orb spiders
  A worldbinder (Abyss:2)
  4 cyclopes
  2 moths of wrath
  15 elephants
  7 black mambas
  3 centaur zombies (D:10)
  Maurice (D:11)
  An orange demon (Abyss:2)
  A guardian serpent (Lair:6)
  28 spiny frogs
  A gargoyle (D:11)
  A torpor snail (Lair:6)
  4 yaktaurs
  A freezing wraith (D:15)
  2 rime drakes
  7 demonic crawlers
  9 komodo dragons
  A jumping spider (shapeshifter) (D:15)
  6 trolls
  18 jumping spiders
  A polar bear (Lair:4)
  A wolf spider simulacrum (D:15)
  A merfolk (D:8)
  17 slime creatures
  An ancient zyme (Abyss:2)
  20 hornets
  7 tyrant leeches
  Grinder (D:5)
  4 saltlings (Desolation)
  10 bog bodies
  20 blink frogs
  Prince Ribbit (D:8)
  A meliai zombie (D:11)
  A raiju (shapeshifter) (Elf:2)
  7 hippogriffs
  15 tarantellas
  2 air elementals (Elf:1)
  3 shadows
  61 redbacks
  A spriggan (shapeshifter) (D:15)
  3 water elementals
  4 spriggans
  A ynoxinul (Abyss:2)
  5 wraiths
  17 wyverns
  27 yaks
  5 basilisks
  2 vampires
  Eustachio (D:5)
  2 hogs (D:7)
  A basilisk (shapeshifter) (Elf:1)
  A small abomination (Abyss:2)
  5 hungry ghosts
  Edmund (D:6)
  A steam dragon (Volcano)
  4 vampire mosquitoes
  9 insubstantial wisps
  14 swamp worms
  3 soldier ants
  9 wargs
  17 water moccasins
  Duvessa (D:6)
  15 porcupines
  An acid dragon (D:12)
  5 hell hounds
  2 black bears (shapeshifter) (D:15)
  4 sky beasts
  12 swamp drakes
  3 eyes of draining
  3 ice beasts
  A necrophage (D:11)
  54 orc warriors
  21 ogres
  13 wolves
  A phantom (D:6)
  8 black bears
  5 boggarts
  8 centaurs
  8 crocodiles
  2 big kobolds (D:8)
  3 gnoll sergeants
  Blork the orc (D:6)
  24 bullfrogs
  A wyvern zombie (D:13)
  Dowan (D:6)
  2 earth elementals
  6 killer bees (D:12)
  A troll skeleton (Lab)
  12 wights
  9 electric eels (D:8)
  4 crimson imps
  A quasit (D:9)
  5 jellies
  2 hounds
  Crazy Yiuf (D:5)
  4 bullfrog skeletons
  9 centaur skeletons
  28 orc priests
  22 orc wizards
  4 gnoll shamans (D:8)
  5 iguanas
  14 worker ants
  An ogre skeleton (Lab)
  A worker ant zombie (D:6)
  11 adders
  6 gnolls
  A river rat (Sewer)
  5 shadow imps
  A white imp (Abyss:2)
  2 oozes
  A worm (D:3)
  A dart slug (D:2)
  4 leopard geckos
  97 orcs
  9 ball pythons
  8 giant cockroaches
  15 goblins
  5 hobgoblins
  12 jackals
  6 quokkas
  11 bats
  5 frilled lizards
  22 kobolds
  A quokka skeleton (D:4)
  36 rats
1265 creatures vanquished.

Vanquished Creatures (collateral kills)
  A minotaur (Lab)
  2 ragged hierophants (Desolation)
  A guardian serpent (Desolation)
  A saltling (Desolation)
  An earth elemental (Lab)
6 creatures vanquished.

Vanquished Creatures (others)
  A centaur skeleton (D:13)
  2 yaktaurs (D:13)
  An orc warrior (Orc:2)
  A bullfrog (Lair:5)
  An orc priest (Orc:2)
  2 orc wizards
  An orc (Orc:1)
  42 fungi
  3 pillars of salt (Vaults:1)
  48 plants
  2 starspawn tentacles (Abyss:2)
104 creatures vanquished.

Grand Total: 1375 creatures vanquished

Notes
Turn   | Place    | Note
-------+----------+-------------------------------------------
     0 | D:1      | removed the Octopode Arcane Marksman began the quest for the Orb.
     0 | D:1      | Reached XP level 1. HP: 13/13 MP: 2/2
   237 | D:1      | Reached XP level 2. HP: 17/18 MP: 1/3
  1086 | D:2      | Reached XP level 3. HP: 14/23 MP: 1/4
  1550 | D:2      | Reached XP level 4. HP: 8/28 MP: 5/5
  2441 | D:2      | Learned a level 2 spell: Slow
  2485 | D:2      | Found a shadowy altar of Dithmenos.
  2485 | D:2      | Found a bloodstained altar of Trog.
  2487 | D:2      | Found an opulent altar of Gozag.
  2490 | D:2      | Found a glowing silver altar of Zin.
  2609 | D:3      | Reached skill level 5 in Bows
  2698 | D:3      | Reached XP level 5. HP: 27/33 MP: 6/6
  3081 | D:3      | Found a white marble altar of Elyvilon.
  3204 | D:3      | Found a shadowy altar of Dithmenos.
  3920 | D:4      | Found an opulent altar of Gozag.
  3985 | D:5      | Entered Level 5 of the Dungeon
  4027 | D:5      | Reached XP level 6. HP: 30/38 MP: 7/7
  4164 | D:5      | Reached skill level 5 in Hexes
  4226 | D:5      | Found Rolamuh's Book Shoppe.
  4242 | D:5      | Noticed Eustachio
  4334 | D:5      | Killed Eustachio
  4334 | D:5      | Reached XP level 7. HP: 33/43 MP: 4/11
  4480 | D:5      | Found a glowing drain.
  4489 | Sewer    | Entered a sewer
  5303 | D:5      | Noticed Grinder
  5371 | D:5      | Found a runed door.
  5644 | D:5      | Noticed Crazy Yiuf
  5665 | D:5      | Killed Crazy Yiuf
  5928 | D:6      | Noticed Edmund
  5948 | D:6      | Killed Edmund
  5948 | D:6      | Reached XP level 8. HP: 48/51 MP: 12/12
  6064 | D:6      | Noticed Duvessa
  6089 | D:6      | Noticed Dowan
  6282 | D:6      | Killed Duvessa
  6282 | D:6      | Reached skill level 5 in Fighting
  6290 | D:6      | Killed Dowan
  6776 | D:6      | Reached skill level 5 in Dodging
  6813 | D:6      | Found a hide-covered altar of Uskayaw.
  6964 | D:6      | Found a shimmering altar of Xom.
  6964 | D:6      | Found a burning altar of Makhleb.
  7171 | D:6      | Noticed Blork the orc
  7180 | D:6      | Killed Blork the orc
  7321 | D:6      | Reached XP level 9. HP: 55/61 MP: 13/15
  7808 | D:7      | Reached skill level 5 in Spellcasting
  7931 | D:7      | Found a staircase to the Ecumenical Temple.
  7940 | Temple   | Entered the Ecumenical Temple
  8195 | Temple   | Became a worshipper of Kikubaaqudgha
  9448 | D:8      | Reached skill level 1 in Shields
  9483 | D:8      | Noticed Prince Ribbit
  9499 | D:8      | Killed Prince Ribbit
  9499 | D:8      | Reached XP level 10. HP: 68/71 MP: 13/18
  9730 | D:8      | Found a stormy altar of Qazlal.
  9973 | D:8      | Reached * piety under Kikubaaqudgha
  9973 | D:8      | Identified Kikubaaqudgha's Papyrus of Stolen Souls (Kikubaaqudgha gifted it to you on level 8 of the Dungeon)
  9973 | D:8      | Received a gift from Kikubaaqudgha
  9979 | D:8      | Learned a level 1 spell: Pain
 10066 | D:8      | Reached skill level 1 in Necromancy
 10172 | D:8      | Noticed a two-headed ogre
 10383 | D:8      | Reached skill level 5 in Shields
 10561 | D:8      | Killed a two-headed ogre
 10734 | D:8      | Reached skill level 5 in Necromancy
 10873 | D:8      | Learned a level 1 spell: Animate Skeleton
 11070 | D:8      | Learned a level 3 spell: Regeneration
 11073 | D:8      | Learned a level 2 spell: Swiftness
 11145 | D:8      | Noticed a two-headed ogre
 11155 | D:8      | Reached skill level 1 in Charms
 11155 | D:8      | Reached ** piety under Kikubaaqudgha
 11165 | D:8      | Killed a two-headed ogre
 11165 | D:8      | Reached XP level 11. HP: 44/75 MP: 15/19
 11920 | D:5      | Killed Grinder
 13083 | D:9      | Found a staircase to the Lair.
 13464 | D:10     | Entered Level 10 of the Dungeon
 13674 | D:10     | Reached *** piety under Kikubaaqudgha
 13674 | D:10     | Identified Kikubaaqudgha's Disquisition on Black Magic (Kikubaaqudgha gifted it to you on level 10 of the Dungeon)
 13674 | D:10     | Received a gift from Kikubaaqudgha
 13692 | D:10     | Learned a level 5 spell: Dispel Undead
 13774 | D:10     | Found a staircase to the Orcish Mines.
 14162 | D:10     | Paralysed by a hornet for 3 turns
 14530 | D:10     | Learned a level 4 spell: Animate Dead
 14801 | D:10     | Reached XP level 12. HP: 68/85 MP: 21/21
 15253 | D:11     | Found a labyrinth entrance.
 15270 | Lab      | Entered a labyrinth
 16096 | Lab      | Reached **** piety under Kikubaaqudgha
 16729 | Lab      | Noticed a minotaur
 16748 | Lab      | Learned a level 5 spell: Bolt of Draining
 16953 | Lab      | Killed a minotaur
 16967 | Lab      | Got a flickering brass amulet
 16969 | Lab      | Identified the amulet "Qour" {Harm *Drain rPois Int+2} (You found it in a labyrinth)
 17137 | D:11     | Noticed Maurice
 17154 | D:11     | Killed Maurice
 17536 | D:5      | Bought a book of Frost for 455 gold pieces
 17538 | D:5      | Learned a level 1 spell: Freeze
 17623 | Lair:1   | Entered Level 1 of the Lair of Beasts
 17755 | Lair:1   | Reached skill level 1 in Ice Magic
 18285 | Lair:1   | Noticed Urug
 18503 | Lair:1   | Reached skill level 10 in Necromancy
 19741 | Lair:2   | Reached skill level 5 in Ice Magic
 20374 | Lair:3   | Reached skill level 1 in Conjurations
 21041 | Lair:3   | Reached XP level 13. HP: 50/90 MP: 23/23
 21263 | Lair:3   | Reached skill level 5 in Conjurations
 22788 | Lair:4   | Found a hole to the Spider Nest.
 22918 | Lair:4   | Learned a level 3 spell: Ozocubu's Armour
 22943 | Lair:4   | Found a staircase to the Swamp.
 24257 | Lair:5   | Found a dark tunnel.
 24273 | Volcano  | Entered a volcano
 24549 | Volcano  | Noticed a fire dragon
 24562 | Volcano  | Killed a fire dragon
 24737 | Lair:5   | Learned a level 4 spell: Throw Icicle
 25548 | Lair:5   | Reached ***** piety under Kikubaaqudgha
 26658 | Lair:5   | Reached XP level 14. HP: 97/97 MP: 12/27
 26938 | Lair:5   | Found a staircase to the Slime Pits.
 27727 | Lair:3   | Reached skill level 10 in Spellcasting
 28288 | Lair:6   | Entered Level 6 of the Lair of Beasts
 28870 | Lair:6   | Noticed Snorg
 29044 | Lair:6   | Killed Snorg
 30464 | Lair:6   | Noticed Josephine
 30473 | Lair:6   | Killed Josephine
 30965 | Lair:6   | Reached skill level 5 in Charms
 32260 | D:12     | Got a fine short sword
 32262 | D:12     | Identified the +4 short sword of the Valley of Death {pierce, Dex+3} (You found it on level 12 of the Dungeon)
 32353 | D:12     | Found a hide-covered altar of Uskayaw.
 32823 | D:12     | Reached skill level 10 in Dodging
 33181 | Orc:1    | Entered Level 1 of the Orcish Mines
 33181 | Orc:1    | Found Sawox's Weapon Emporium.
 33181 | Orc:1    | Noticed Nergalle
 33187 | Orc:1    | Killed Nergalle
 33626 | Orc:2    | Entered Level 2 of the Orcish Mines
 33628 | Orc:2    | Reached XP level 15. HP: 102/102 MP: 30/30
 34328 | Orc:2    | Reached ****** piety under Kikubaaqudgha
 34328 | Orc:2    | Reached skill level 10 in Fighting
 34481 | Orc:2    | Found Ipeadoji's Book Emporium.
 35297 | Orc:2    | Noticed an orc warlord
 35364 | Orc:2    | Killed an orc warlord
 35587 | Orc:2    | Found a roughly hewn altar of Beogh.
 36645 | Orc:2    | Found Loci's Distillery.
 37271 | Orc:2    | Found a staircase to the Elven Halls.
 37836 | Orc:2    | Found a roughly hewn altar of Beogh.
 37840 | Orc:2    | Reached skill level 10 in Conjurations
 38243 | Orc:2    | Found Afonip's General Store.
 38384 | Orc:2    | Found Qeazierph's Food Shoppe.
 38875 | Orc:2    | Reached skill level 10 in Ice Magic
 40208 | D:13     | Noticed Sonja
 40227 | D:13     | Killed Sonja
 41051 | D:13     | Found an iron altar of Okawaru.
 41330 | D:13     | Found a gate to the Vaults.
 42583 | D:14     | Reached XP level 16. HP: 45/109 MP: 3/32
 44064 | Lair:1   | Killed Urug
 44092 | Lair:1   | Identified a scroll of acquirement
 44264 | Orc:2    | Bought a book of Ice for 1105 gold pieces
 44271 | Orc:2    | Learned a level 6 spell: Bolt of Cold
 44277 | Orc:2    | Learned a level 5 spell: Iskenderun's Battlesphere
 44446 | Spider:1 | Entered Level 1 of the Spider Nest
 44665 | Spider:1 | Noticed Agnes
 44673 | Spider:1 | Killed Agnes
 44674 | Spider:1 | Noticed Frances
 44688 | Spider:1 | Killed Frances
 47509 | Spider:2 | Found a runed door.
 47509 | Spider:2 | Noticed zapotec's ghost (adept GrGl)
 47650 | Spider:2 | Noticed Asterion
 50176 | Swamp:1  | Entered Level 1 of the Swamp
 52195 | Swamp:2  | Noticed a thorn hunter
 52488 | Swamp:1  | Killed a thorn hunter
 52488 | Swamp:1  | Reached XP level 17. HP: 60/116 MP: 11/33
 55069 | Swamp:4  | Entered Level 4 of the Swamp
 58162 | Swamp:4  | Got a decaying rune of Zot
 58174 | Swamp:4  | Learned a level 6 spell: Freezing Cloud
 58465 | Elf:1    | Entered Level 1 of the Elven Halls
 59352 | Elf:1    | Cast into level 2 of the Abyss (a deep elf sorcerer)
 59455 | Abyss:2  | Noticed a hellephant
 59470 | Abyss:2  | Found a sparkling altar of Nemelex Xobeh.
 59494 | Abyss:2  | Reached XP level 18. HP: 124/124 MP: 36/36
 59618 | Elf:1    | Escaped the Abyss
 60009 | Elf:1    | Found a portal to a secret trove of treasure.
 60973 | Elf:2    | Found a flickering gateway to a bazaar.
 60982 | Elf:1    | Reached skill level 1 in Air Magic
 61171 | Bazaar   | Entered a bazaar
 61171 | Bazaar   | Found Powunag's Antique Weapon Emporium.
 61237 | Bazaar   | Found Laeghij's General Store.
 61246 | Bazaar   | Found Cuymm's Armour Emporium.
 61270 | Bazaar   | Found Ollan's Food Shop.
 61280 | Bazaar   | Found Kamef's Weapon Boutique.
 61526 | Elf:2    | Found a runed gate.
 61526 | Elf:2    | Found a runed gate.
 61528 | Elf:2    | Found a runed gate.
 62114 | Elf:2    | Reached skill level 5 in Air Magic
 64822 | Spider:4 | Entered Level 4 of the Spider Nest
 65356 | Spider:4 | Noticed Arachne
 65363 | Spider:4 | Killed Arachne
 65920 | Spider:4 | Reached XP level 19. HP: 123/131 MP: 8/37
 67935 | Spider:4 | Got a gossamer rune of Zot
 68108 | Spider:4 | Learned a level 6 spell: Simulacrum
 68190 | Spider:2 | Killed Asterion
 68371 | Spider:2 | Killed zapotec's ghost
 68568 | D:15     | Entered Level 15 of the Dungeon
 68908 | D:15     | Found a blossoming altar of Fedhas.
 69316 | D:15     | Found a staircase to the Depths.
 69499 | Vaults:1 | Entered Level 1 of the Vaults
 69643 | Vaults:1 | Found Liewnem's Food Shoppe.
 69781 | Vaults:1 | Found a ruined gateway.
 69790 | Desolati | Entered the Desolation of Salt
 70292 | Desolati | Identified the Incunabulum of Supportive Transformation
 70321 | Desolati | HP: 6/131 [halazid warlock (3)]
 70324 | Desolati | Slain by a peacekeeper

Skill      XL: |  1  2  3  4  5  6  7  8  9 10 11 12 13 14 15 16 17 18 19 |
---------------+----------------------------------------------------------+-----
Bows           | 3 4 5 |  5.0
Hexes          | 4 5 |  5.0
Spellcasting   | 3 4 5 6 7 9 11 12 14 | 14.7
Dodging        | 4 6 8 9 10 11 12 | 12.0
Fighting       | 2 5 7 9 10 11 12 | 12.0
Shields        | 2 5 |  5.0
Necromancy     | 6 8 10 11 12 14 | 14.0
Charms         | 4 5 |  5.0
Ice Magic      | 6 8 9 10 12 13 | 13.0
Conjurations   | 4 8 9 10 12 14 | 14.0
Air Magic      | 7 |  7.0

Action                   |  1- 3 |  4- 6 |  7- 9 | 10-12 | 13-15 | 16-18 | 19-21 || total
-------------------------+-------+-------+-------+-------+-------+-------+-------++-------
Melee: Short sword       |    55 |    36 |       |       |       |       |       ||    91
       Constrict         |    11 |    27 |    71 |    94 |    49 |     3 |     5 ||   260
       Tentacles         |     4 |    25 |    81 |   182 |   133 |    33 |    13 ||   471
       Dagger            |       |    72 |   291 |   855 |   557 |   126 |    43 ||  1944
       Dire flail        |       |       |    14 |       |       |       |       ||    14
       Staff             |       |       |       |       |     1 |       |    11 ||    12
 Fire: Shortbow          |    36 |    33 |    34 |       |       |       |       ||   103
 Cast: Corona            |    41 |    43 |    20 |    41 |       |       |       ||   145
       Slow              |       |    27 |    63 |   131 |    16 |       |       ||   237
       Pain              |       |       |       |    83 |    10 |       |       ||    93
       Regeneration      |       |       |       |    40 |    53 |    16 |     4 ||   113
       Freeze            |       |       |       |    39 |    86 |     5 |     1 ||   131
       Dispel Undead     |       |       |       |    10 |    21 |    24 |     6 ||    61
       Bolt of Draining  |       |       |       |     2 |   101 |    22 |    14 ||   139
       Animate Dead      |       |       |       |     2 |       |       |       ||     2
       Throw Icicle      |       |       |       |       |   564 |   605 |   109 ||  1278
       Ozocubu's Armour  |       |       |       |       |    39 |    12 |     1 ||    52
       Iskenderun's Batt |       |       |       |       |       |   171 |    42 ||   213
       Bolt of Cold      |       |       |       |       |       |    63 |    23 ||    86
       Freezing Cloud    |       |       |       |       |       |     2 |     8 ||    10
       Simulacrum        |       |       |       |       |       |       |    15 ||    15
       Swiftness         |       |       |       |       |       |       |     1 ||     1
Invok: Receive Corpses   |       |       |       |     5 |       |       |     9 ||    14
Evoke: Wand              |       |       |     8 |    22 |    28 |    17 |    14 ||    89
  Use: Potion            |     2 |       |       |     2 |     5 |     3 |    11 ||    23
       Scroll            |       |     4 |     8 |    15 |    13 |    18 |     6 ||    64
 Stab: Sleeping          |       |     2 |    11 |     7 |     3 |       |       ||    23
       Paralysed         |       |       |     9 |    30 |    10 |     9 |       ||    58
       Distracted        |       |       |     1 |       |       |       |     1 ||     2
  Eat: Chunk             |     3 |    11 |    17 |    36 |    91 |    51 |    10 ||   219
       Ration            |       |       |     1 |     4 |    10 |    21 |     7 ||    43
Armor: Skin              |    32 |    23 |    51 |   100 |   158 |    51 |    48 ||   463
Dodge: Dodged            |    44 |    82 |   218 |   352 |   767 |   280 |   145 ||  1888
Block: Buckler           |       |       |     1 |   335 |   580 |   212 |   151 ||  1279
       Reflection        |       |       |       |     3 |    30 |    19 |     6 ||    58
